 Dungeon Crawl Stone Soup version 0.30-a0-748-ge6a52f7cba (webtiles) character file.

Game seed: 8625107070339371281

1313 kae the Geomancer (level 8, -5/61 HPs)
             Began as a Gargoyle Earth Elementalist on Feb 8, 2023.
             Was an Initiate of Vehumet.
             Killed by nerve-wracking pain
             ... invoked by an orc priest
              (6 damage)
             ... on level 8 of the Dungeon.
             The game lasted 00:05:30 (4621 turns).

kae the Geomancer (Gargoyle Earth Elementalist)     Turns: 4621, Time: 00:05:31

Health: -5/61      AC:  8    Str: 12    XL:     8   Next: 58%
Magic:  0/14       EV: 11    Int: 18    God:    Vehumet [......]
Gold:   684        SH:  0    Dex: 10    Spells: 6/16 levels left

rFire   . . .      SeeInvis .    s - +2 spear (freeze)
rCold   . . .      Faith    .    (no shield)
rNeg    + . .      Spirit   +    a - +1 robe
rPois   ∞          Reflect  .    (no helmet)
rElec   +          Harm     .    (no cloak)
rCorr   .          Rampage  .    (no gloves)
Will    .....                    (no boots) Stlth
                                 G - amulet of guardian spirit
HPRegen 0.30/turn                (no ring)
MPRegen 0.14/turn                (no ring)

@: berserking (expiring), very quick
A: sickness immunity, AC +5, negative energy resistance 1, electricity
resistance, torment resistance 1, petrification resistance
a: Renounce Religion


You were on level 8 of the Dungeon.
You worshipped Vehumet.
Vehumet was noncommittal.
You visited 1 branch of the dungeon, and saw 7 of its levels.

You collected 684 gold pieces.


Innate Abilities, Weirdness & Mutations

You are immune to sickness and miasma.
Your stone body is resilient. (AC +5)
You are immune to poison.
You resist negative energy. (rN+)
You are resistant to electric shocks. (rElec)
You are resistant to unholy torment.
You are immune to petrification.


   Skills:
 - Level 1.5 Dodging
 - Level 2.1 Stealth
 + Level 4.5 Spellcasting
 * Level 6.6 Conjurations
 - Level 0.7 Transmutations
 * Level 8.7 Earth Magic


You had 6 spell levels left.
You knew the following spells:

 Your Spells              Type           Power      Damage    Failure   Level
a - Sandblast             Erth           70%        2d15      1%          1
b - Stone Arrow           Conj/Erth      62%        3d10      1%          3
c - Passwall              Tmut/Erth      17%        N/A       3%          2
d - Petrify               Tmut/Erth      21%        N/A       21%         4

Your spell library contained the following spells:

 Spells                   Type           Power      Damage    Failure   Level
 Kiss of Death            Conj/Necr      64%        2d10      3%          1
 Portal Projectile        Hex/Tloc       8%         N/A       38%         3
 Tukima's Dance           Hex            4%         N/A       38%         3
 Blade Hands              Tmut           3%         N/A       96%         5

Inventory:

Hand Weapons
 c - a +0 quarterstaff of draining
   (You found it on level 1 of the Dungeon)
 s - a +2 spear of freezing (weapon)
   (You took it off a gnoll on level 3 of the Dungeon)
Missiles
 h - 35 stones
 r - 7 poisoned darts
Armour
 a - a +1 robe (worn)
Magical Staves
 w - a staff of poison {!a}
   (You took it off a hobgoblin on level 4 of the Dungeon)
Jewellery
 G - an amulet of guardian spirit (around neck)
   (You found it on level 5 of the Dungeon)
Wands
 k - a wand of charming (12)
   (You found it on level 2 of the Dungeon)
 q - a wand of roots (21)
   (You found it on level 3 of the Dungeon)
 v - a wand of light (8)
   (You took it off Robin on level 4 of the Dungeon)
Scrolls
 m - 3 scrolls of teleportation {@r4}
 n - a scroll of enchant armour
 p - 2 scrolls of poison
Potions
 d - 2 potions of heal wounds {@q2}
 e - 2 potions of lignification {!q}
 g - a potion of mutation {!q}
 i - 2 potions of attraction {!q}
 t - a potion of flight
 z - a potion of degeneration {!q}

Dungeon Overview and Level Annotations

Branches:
Dungeon (8/15) Zot: 26881  Temple (0/1) D:6
   Lair: D:8-11

Altars:
Gozag
Makhleb
Nemelex Xobeh
Okawaru
Qazlal
Sif Muna
Trog
Uskayaw
Vehumet
The Shining One

,,,,* *,,,,,,,,,,o,.#.,* *,*
,**** **,,**#.,..oo,.o.#**,* ,*
*#+#*#.*...#,....,,,* ,*
**...##.###.###.#***** ,*
**,....#.........# ,**
**,,.....o........## #
,,****,,,.......##o.....#########
,,,,,+,,,.......ooo..............
,,****,,,.......@oo.>...#########
,** **,,.....######.##)# # **
**,...,** ####.# # ,* **.,,** #.#
# ,**** **+** #.# **# ,,,,* *,*
#.# *,. ,**,* *,* ********#.# *.#
,**,* **,****,,,,,,,..# ****.*
***,* **,,,*,,,,,,,**### *,,,,,


You could see an orc warrior, an orc priest and 5 orcs.


Message History

Aiming: Sandblast (safe; 1% risk of failure)
Press: ? - help, Shift-Dir - straight line, f/p - orc
Aim: an orc, wielding a +0 club and wearing a +0 chain mail (88% to hit)
The blast of sand hits the orc.
The orc hits you but does no damage. 😨 HP[+1] MP[-1]
You lost 1 mp, and now have 0/14 mp.
Unknown command.
Casting: Sandblast (safe; 1% risk of failure)
Confirm with . or Enter, or press ? or * to list all spells.
You don't have enough magic to cast this spell.
Magic courses through your body. The orc hits you but does no damage.
An orc comes into view. It is wielding a +0 trident. 😨 MP[+14]
Your mp is fully restored (14).
Casting: Sandblast (safe; 1% risk of failure)
Confirm with . or Enter, or press ? or * to list all spells.
Aiming: Sandblast (safe; 1% risk of failure)
Press: ? - help, Shift-Dir - straight line, f/p - orc
Aim: an orc, wielding a +0 club and wearing a +0 chain mail (severely wounded, 88% to hit)
The blast of sand hits the orc!
You kill the orc!
Vehumet accepts your kill.
An orc comes into view. It is wielding a +0 mace. 😨 MP[-1]
You lost 1 mp, and now have 13/14 mp.
Unknown command.
Okay, then.
Really quaff
u - a potion of berserk rage {!q}?
A red film seems to cover your vision as you go berserk!
You feel yourself moving faster!
You feel mighty!
The orc shouts! x2; You hear a shout! x2
The orc warrior hits you with a +0 scimitar!
* * * LOW HITPOINT WARNING * * *
The orc barely misses you. 😨 HP[+2] MP[-2]
You now have 61 max hp (+20).
You regained 2 hp, and now have 22/61 hp.
You lost 2 mp, and now have 11/14 mp.
You hit the orc warrior. You freeze the orc warrior.
You barely miss the orc warrior.
The orc warrior hits you with a +0 scimitar.
* * * LOW HITPOINT WARNING * * *
The orc hits you but does no damage. 😨 HP[-3] MP[-2]
You take 3 damage, and now have 19/61 hp.
You lost 2 mp, and now have 9/14 mp.
Unknown command.
You barely miss the orc warrior. The orc misses you.
An orc comes into view. It is wielding a +0 war axe.
The orc warrior hits you with a +0 scimitar!
* * * LOW HITPOINT WARNING * * *
😱 HP[-8] MP[-3]
You take 8 damage, and now have 11/61 hp.
You lost 3 mp, and now have 6/14 mp.
You hit the orc warrior. You freeze the orc warrior.
The orc warrior hits you with a +0 scimitar.
* * * LOW HITPOINT WARNING * * *
The orc hits you but does no damage. 😱 HP[-1] MP[-2]
You take 1 damage, and now have 10/61 hp.
You lost 2 mp, and now have 4/14 mp.
You closely miss the orc warrior.
Unknown command.
You hit the orc warrior but do no damage.
The orc priest calls upon Beogh to heal the orc warrior.
The orc warrior is healed somewhat.
The orc hits you from afar with a +0 trident.
* * * LOW HITPOINT WARNING * * *
The orc warrior barely misses you. 😱 HP[-1] MP[-1]
You take 1 damage, and now have 9/61 hp.
You lost 1 mp, and now have 3/14 mp.
You barely miss the orc warrior.
The orc warrior hits you with a +0 scimitar.
* * * LOW HITPOINT WARNING * * *
The orc barely misses you.
The orc closely misses you. 😱 HP[-2] MP[-1]
You take 2 damage, and now have 7/61 hp.
You lost 1 mp, and now have 2/14 mp.
Unknown command.
You puncture the orc warrior! You freeze the orc warrior.
You closely miss the orc warrior. The orc closely misses you.
The orc barely misses you.
The orc warrior misses you. 😱 HP[+1] MP[+1] Unknown command.
You barely miss the orc warrior.
The orc warrior hits you but does no damage.
The orc closely misses you. The orc hits you but does no damage.
The orc hits you from afar with a +0 trident.
* * * LOW HITPOINT WARNING * * *
😱 HP[-2] MP[-1]
You take 2 damage, and now have 6/61 hp.
You lost 1 mp, and now have 2/14 mp.
You barely miss the orc warrior.
The orc warrior hits you with a +0 scimitar!
* * * LOW HITPOINT WARNING * * *
The orc barely misses you.
The orc priest mumbles some strange prayers to Beogh against you.
Pain shoots through your body!
You die...

Skill      XL: |  1  2  3  4  5  6  7  8 |
---------------+-------------------------+-----
Earth Magic    | 4 5 6 7 8 |  8.7
Conjurations   | 1 2 3 4 5 6 |  6.6
Spellcasting   | 3 4 |  4.5
Dodging        | |  1.5
Stealth        | |  2.1
Transmutations | |  0.7

Action                     |  1- 3 |  4- 6 |  7- 9 || total
---------------------------+-------+-------+-------++-------
  Melee: Quarterstaff      |     8 |     7 |       ||    15
         Spear             |       |     9 |    26 ||    35
         Punch             |       |     1 |       ||     1
   Cast: Sandblast         |    40 |   100 |    40 ||   180
         Stone Arrow       |       |       |    16 ||    16
    Use: Scroll            |     2 |     2 |    14 ||    18
         Potion            |       |       |     2 ||     2
   Stab: Sleeping          |     2 |       |       ||     2
 Armour: Robe              |     7 |    12 |    18 ||    37
  Dodge: Dodged            |    14 |    31 |    33 ||    78

Levels and vault maps discovered:
D:1:      ncdulo_smallfort, layout_rooms,
          dreamdust_ecumenical_altar_hidden_monk_grotto
D:2:      layout_loops_ring
D:3:      layout_loops_ring, nzn_overflow_gifts_of_might_and_magic
D:4:      layout_rooms, uniq_robin
D:5:      layout_basic, minitemple, minmay_strange_pillars
D:6:      layout_basic, minmay_temple_entry_gardened_gates, serial_shops,
          nicolae_shop_behind_doors, feat_on_display
D:8:      layout_loops_corners, yredelemnul_forgotten_temple_becter,
          nicolae_ossuary_entry_ruins, uniq_gastronok, uniq_joseph

Notes
Turn   | Place    | Note
-------+----------+-------------------------------------------
     0 | D:1      | kae the Gargoyle Earth Elementalist began the quest for the
                  | Orb.
     0 | D:1      | Reached XP level 1. HP: 10/10 MP: 3/3
     0 | D:1      | magus.rc [v1.11.3]
   149 | D:1      | Reached skill level 4 in Earth Magic
   158 | D:1      | Reached XP level 2. HP: 15/15 MP: 3/5
   320 | D:1      | Reached XP level 3. HP: 18/19 MP: 1/6
   325 | D:1      | Learned a level 3 spell: Stone Arrow
   328 | D:1      | Learned a level 2 spell: Passwall
   607 | D:1      | Found a faded altar of an unknown god.
   808 | D:2      | Reached skill level 1 in Conjurations
   940 | D:2      | Reached XP level 4. HP: 24/24 MP: 4/7
   960 | D:2      | Reached skill level 5 in Earth Magic
   969 | D:2      | HP: 6/24 [constriction (1)]
  1107 | D:2      | Reached skill level 2 in Conjurations
  1501 | D:2      | Reached XP level 5. HP: 28/28 MP: 7/9
  1797 | D:3      | Noticed a black bear
  1802 | D:3      | Killed a black bear
  1803 | D:3      | Reached skill level 3 in Spellcasting
  1803 | D:3      | Reached skill level 3 in Conjurations
  1803 | D:3      | Reached XP level 6. HP: 32/32 MP: 6/10
  1844 | D:3      | Reached skill level 6 in Earth Magic
  2108 | D:3      | HP: 8/32 [gnoll/+0 spear (5)]
  2236 | D:3      | Noticed Jessica
  2237 | D:3      | Found a shimmering blue altar of Sif Muna.
  2241 | D:3      | Killed Jessica
  2247 | D:3      | Noticed Terence
  2251 | D:3      | Killed Terence
  2310 | D:3      | Got Sif Muna's Codex of Bodies
  2315 | D:3      | Found a bloodstained altar of Trog.
  2345 | D:3      | Learned a level 4 spell: Petrify
  2644 | D:4      | Reached skill level 4 in Conjurations
  2751 | D:4      | HP: 7/32 [iguana (4)]
  2752 | D:4      | HP: 1/32 [iguana (6)]
  2755 | D:4      | Reached XP level 7. HP: 2/36 MP: 0/12
  2895 | D:4      | Noticed Robin
  2913 | D:4      | Killed Robin
  3077 | D:4      | Reached skill level 7 in Earth Magic
  3360 | D:5      | Entered Level 5 of the Dungeon
  3367 | D:5      | Reached skill level 5 in Conjurations
  3425 | D:5      | Reached skill level 4 in Spellcasting
  3598 | D:5      | Reached XP level 8. HP: 36/41 MP: 9/14
  3664 | D:5      | Found an iron altar of Okawaru.
  3766 | D:5      | Found a stormy altar of Qazlal.
  3773 | D:5      | Found a radiant altar of Vehumet.
  3774 | D:5      | Found an opulent altar of Gozag.
  3774 | D:5      | Found a sparkling altar of Nemelex Xobeh.
  3777 | D:5      | Found a glowing golden altar of the Shining One.
  3778 | D:5      | Found a hide-covered altar of Uskayaw.
  3783 | D:5      | Became a worshipper of Vehumet
  3789 | D:5      | Found a burning altar of Makhleb.
  3858 | D:5      | Reached skill level 8 in Earth Magic
  3977 | D:5      | You pick up a book of Weapons and begin reading...
  3977 | D:5      | You add the spells Tukima's Dance, Portal Projectile and
                  | Blade Hands to your library.
  4400 | D:6      | Reached skill level 6 in Conjurations
  4454 | D:6      | Found a staircase to the Ecumenical Temple.
  4502 | D:6      | You fall into a shaft and drop 2 floors!
  4556 | D:8      | Identified a scroll of acquirement
  4556 | D:8      | Acquired 426 gold pieces
  4613 | D:8      | HP: 11/61 [orc warrior/+0 scimitar (8)]
  4620 | D:8      | HP: 6/61 [orc/+0 trident (2)]
  4621 | D:8      | HP: 1/61 [orc warrior/+0 scimitar (5)]
  4621 | D:8      | Killed from afar by an orc priest

Vanquished Creatures
  A steam dragon (D:8)
  A water moccasin (D:5)
  2 ice beasts
  An orc warrior (D:8)
  A black bear (D:3)
  An ogre (D:5)
  A centaur (D:4)
  3 hounds
  Jessica (D:3)
  4 iguanas
  Terence (D:3)
  An orc wizard (D:6)
  Robin (D:4)
  7 gnolls
  7 adders
  2 white imps (D:5)
  5 worms
  2 dart slugs
  6 orcs
  10 endoplasms
  2 giant cockroaches
  12 goblins
  7 hobgoblins
  5 jackals
  3 quokkas
  7 ball pythons
  11 bats
  4 frilled lizards (D:1)
  8 kobolds
  7 rats
124 creatures vanquished.

Vanquished Creatures (others)
  A hobgoblin (D:4)
1 creature vanquished.

Grand Total: 125 creatures vanquished

Table legend:
 A = Non-vault XP
 B = Vault XP
 C = Vault XP percentage of total XP
 D = Non-vault monster count
 E = Vault monster count
 F = Vault count percentage of total count
                 A         B        C        D         E       F
            +---------+---------+-------+---------+---------+-------
      Total |    1771 |     106 |   5.6 |     112 |      13 |  10.4
            +---------+---------+-------+---------+---------+-------
        D:1 |      49 |       0 |   0.0 |      29 |       0 |   0.0
        D:2 |     153 |       0 |   0.0 |      29 |       0 |   0.0
        D:3 |     242 |      73 |  23.2 |      19 |       2 |   9.5
        D:4 |     304 |      33 |   9.8 |      18 |      11 |  37.9
        D:5 |     515 |       0 |   0.0 |       9 |       0 |   0.0
        D:6 |     191 |       0 |   0.0 |       5 |       0 |   0.0
        D:8 |     317 |       0 |   0.0 |       3 |       0 |   0.0
            +---------+---------+-------+---------+---------+-------

Illustrated notes

Table legend:
 A = Kills in this place as a percentage of kills in entire the game.
 B = Kills by you in this place as a percentage of kills by you in the entire game.
 C = Kills by friends in this place as a percentage of kills by friends in the entire game.
 D = Other kills in this place as a percentage of other kills in the entire game.
 E = Experience gained in this place as a percentage of experience gained in the entire game.
 F = Experience gained in this place divided by the number of levels of this place that you have seen.
                   A       B       C       D       E      F
               +-------+-------+-------+-------+-------+----------------------
         Total | 100.0 | 100.0 |   N/A | 100.0 | 100.0 | 268.1
       Dungeon | 100.0 | 100.0 |   N/A | 100.0 | 100.0 | 268.1
               +-------+-------+-------+-------+-------+----------------------

Table legend: (Time is in decaauts)
 A = Elapsed time spent in this place.
 B = Non-inter-level travel time spent in this place.
 C = Inter-level travel time spent in this place.
 D = Time resting spent in this place.
 E = Time spent auto-exploring this place.
 F = Levels seen in this place.
 G = Mean time per level.
                   A        B        C        D        E       F      G
               +--------+--------+--------+--------+--------+-----+--------+
         Total |   4712 |   4520 |    192 |    102 |   3651 |   7 |  673.1 |
       Dungeon |   4712 |   4520 |    192 |    102 |   3651 |   7 |  673.1 |
               +--------+--------+--------+--------+--------+-----+--------+

Top non-repeatable levels by time:
     D:3: 976 daAuts
     D:5: 953 daAuts
     D:2: 922 daAuts
     D:4: 789 daAuts
     D:1: 756 daAuts
     D:6: 196 daAuts
     D:8: 118 daAuts
